 Dungeon Crawl Stone Soup version 0.28-a0-1555-g9ae15a6949 (webtiles) character file.

Game seed: 5543650858708140874

0 hashsling the Vexing (level 1, 4/10 HPs)
             Began as a Deep Elf Enchanter on Jan 18, 2022.
             Quit the game on level 1 of the Dungeon.
             The game lasted 00:00:35 (40 turns).

hashsling the Vexing (Deep Elf Enchanter)             Turns: 40, Time: 00:00:36

Health: 4/10       AC:  2    Str:  5    XL:     1   Next: 8%
Magic:  6/6        EV: 12    Int: 19    God:
Gold:   18         SH:  0    Dex: 15    Spells: 6/6 levels left

rFire   . . .      SeeInvis .   a - +1 dagger
rCold   . . .      Faith    .   (no shield)
rNeg    . . .      Spirit   .   b - +0 robe
rPois   .          Reflect  .   (no helmet)
rElec   .          Harm     .   (no cloak)
rCorr   .          Rampage  .   (no gloves)
Will    .....                   (no boots)
Stlth   ++........              (no amulet)
HPRegen 0.03/turn               (no ring)
MPRegen 0.10/turn               (no ring)

@: no status effects
A: no striking features
a: no special abilities


You were on level 1 of the Dungeon.
You visited 1 branch of the dungeon, and saw 1 of its levels.

You collected 18 gold pieces.

Inventory:

Hand Weapons
 a - a +1 dagger (weapon)
Armour
 b - a +0 robe (worn)
Potions
 c - a potion of invisibility


   Skills:
 + Level 1.0 Short Blades
 + Level 2.4 Dodging
 - Level 3.6 Stealth
 + Level 3.0 Spellcasting
 + Level 4.0 Hexes


You had 6 spell levels left.
You didn't know any spells.
Your spell library contained the following spells:

 Spells                   Type           Power      Damage    Failure   Level
 Confusing Touch          Hex            18%        N/A       9%          3
 Tukima's Dance           Hex            18%        N/A       9%          3
 Ensorcelled Hibernation  Hex/Ice        20%        N/A       10%         2
 Dazzling Flash           Conj/Hex       20%        N/A       21%         3


Dungeon Overview and Level Annotations

Branches:
Dungeon (1/15)

Altars:


Message History

You feel drawn to the Orb of Zot, downwards into the unfathomable depths...
Press ? for a list of commands and other information.
Found a staircase leading out of the dungeon.
Okay, then.
You don't know any spells.
Unknown command.
You enter the shallow water.
Moving in this stuff is going to be slow.
Found a chain mail.
Found an escape hatch in the floor.
There is an escape hatch in the floor here.
You open the door.
There is an open door here. 2 ball pythons come into view.
Found a glowing silvery potion.
The ball python hisses angrily.
You hit the ball python.
You kill the ball python!
No target in view!
Found a plate armour.
You now have 18 gold pieces.
A kobold comes into view. It is wielding a +0 club.
The kobold shouts!
You hear a shout!
The kobold moves out of view.
A hobgoblin comes into view.
The kobold hits you with a +0 club.
You barely miss the kobold. The kobold hits you but does no damage.
The hobgoblin shouts!
You hit the kobold but do no damage.
You hear an angry hiss.
The kobold hits you but does no damage.
You hear a shout!
You miss the kobold. The kobold hits you with a +0 club.
You are too injured to fight recklessly!
You are too injured to fight recklessly!
You are too injured to fight recklessly!
You are too injured to fight recklessly!
Unknown command.
Unknown command.
Are you sure you want to abandon this character and quit the game? (Confirm with "yes".)

#≈≈≈≈≈≈≈≈≈≈≈≈≈#
#≈≈≈≈≈≈≈≈≈≈≈≈≈# S...
#≈≈≈≈≈≈≈≈≈≈≈≈≈# .....
#≈≈≈≈≈≈≈≈≈≈≈≈≈# .g...
#≈≈≈≈≈≈≈≈≈≈≈≈≈# .....
#...[.........# ...# #
#.8.⌠⌠⌠>⌠⌠⌠.8.####...#..
#.............#.!K......
###+###'###+###.@.......
#.................
#.........#.######
#.........#.#
####......#.###
###..........#
#...........[#
#............#
#............+


You could see a hobgoblin, a ball python and a kobold.

Vanquished Creatures
  A ball python (D:1)
1 creature vanquished.

Notes
Turn   | Place    | Note
-------+----------+-------------------------------------------
     0 | D:1      | hashsling the Deep Elf Enchanter began the quest for the
                  | Orb.
     0 | D:1      | Reached XP level 1. HP: 10/10 MP: 6/6
    40 | D:1      | Quit the game

Illustrated notes

Levels and vault maps discovered:
D:1:      zaba_arrival_water, layout_basic, serial_shops, nicolae_shop_stone,
          hangedman_decor_riveting, minivault_19, minmay_distorted

Action                   || total
-------------------------++-------
Melee: Dagger            ||     4
Armor: Robe              ||     2

Table legend: (Time is in decaauts)
 A = Elapsed time spent in this place.
 B = Non-inter-level travel time spent in this place.
 C = Inter-level travel time spent in this place.
 D = Time resting spent in this place.
 E = Time spent auto-exploring this place.
 F = Levels seen in this place.
 G = Mean time per level.
                   A        B        C        D        E       F      G
               +--------+--------+--------+--------+--------+-----+--------+
         Total |     46 |     46 |      0 |      0 |     29 |   1 |   46.0 |
       Dungeon |     46 |     46 |      0 |      0 |     29 |   1 |   46.0 |
               +--------+--------+--------+--------+--------+-----+--------+

Top non-repeatable levels by time:
     D:1: 46 daAuts
